 Dungeon Crawl Stone Soup version 0.26-a0-1020-ge47f559bc5 (webtiles) character file.

Game seed: 6015253637058640249

452 Morbidden the Skirmisher (level 6, -15/50 HPs)
             Began as a Demonspawn Fighter on Dec 8, 2020.
             Killed from afar by a wretched star (20 damage)
             ... with a lance of force
             ... on level 1 of the Abyss.
             The game lasted 00:06:26 (4649 turns).

Morbidden the Skirmisher (Demonspawn Fighter)       Turns: 4649, Time: 00:06:27

Health: -15/50     AC:  9    Str: 16      XL:     6   Next: 75%
Magic:  15/15      EV:  5    Int: 14      God:
Gold:   275        SH:  8    Dex: 10 (12) Spells: 5/5 levels left

rFire    . . .     SeeInvis +   b - +3 dagger (elec)
rCold    . . .     Faith    .   c - +0 kite shield
rNeg     . . .     Spirit   .   f - +0 chain mail
rPois    .         Reflect  .   (no helmet)
rElec    .         Harm     .   (no cloak)
rCorr    .         Rampage  .   (no gloves)
Will     .....     Rnd*Tele +   (no boots)
Stlth    ..........             (no amulet)
HPRegen  0.16/turn              i - ring of magical power
MPRegen  0.14/turn              q - ring of see invisible

@: about to teleport
A: hooves 1, [deterioration 2], [screaming 2], [teleportitis 3], rot immunity,
big brain 1
a: no special abilities


You were on level 1 of the Abyss.
You visited 1 branch of the dungeon, and saw 5 of its levels.
You visited the Abyss 1 time.

You collected 275 gold pieces.

Inventory:

Hand Weapons
 a - a +1 long sword
 b - a +3 dagger of electrocution (weapon)
 j - a +0 dagger of venom
Missiles
 g - 5 poisoned darts (quivered)
Armour
 c - a +0 kite shield (worn)
 f - a +0 chain mail (worn)
Jewellery
 i - a ring of magical power (left hand)
 q - a ring of see invisible (right hand)
Wands
 l - a wand of polymorph (6)
Scrolls
 h - 6 scrolls of identify
 n - 3 scrolls of amnesia
Potions
 d - a potion of might
 m - 2 potions of resistance {unknown}


   Skills:
 * Level 4.8 Fighting
 + Level 1.0(2.0) Short Blades
 + Level 2.5(2.7) Long Blades
 + Level 0.3 Throwing
 + Level 3.6 Armour
 * Level 2.8 Dodging
 + Level 0.8 Stealth
 + Level 3.5 Shields


You had 5 spell levels left.
You didn't know any spells.
Your spell library was empty.

Dungeon Overview and Level Annotations

Branches:
Dungeon (5/15)
 Temple: D:4-7

Altars:
Gozag
Okawaru
The Shining One

Shops:
D:4 (

Annotations:
D:5 Dowan, Duvessa


Innate Abilities, Weirdness & Mutations

You have large cloven feet.
You are immune to rotting.
You have an unusually large brain. (Int +2)
[Your body often deteriorates upon taking damage.]
[You sometimes yell uncontrollably at your foes.]
[You are often teleported next to monsters.]


Message History

Your body deteriorates!
You feel clumsy.
As you read the scroll of enchant weapon, it crumbles to dust.
Your +2 dagger of electrocution glows red for a moment.
Unknown command.
As you read the scroll of teleportation, it crumbles to dust.
You feel strangely unstable.
You feel the power of the Abyss delaying your translocation!
Unknown command.
You barely miss the wretched star.
The wretched star glows turbulently.
The lance of force hits you!
* * * LOW HITPOINT WARNING * * *
You are knocked back by the lance of force.
You slam into the stone wall!
* * * LOW HITPOINT WARNING * * *
Your body deteriorates!
You feel clumsy.
Unknown command.
The wretched star glows turbulently.
The lance of force hits you!!
You die...

#. X ## . #
# . ##.# ##
#.#.. . #.
#.# . #. .
.. ### ###..
. ##.# .## #
.. ######§##
. . .
###.##§# #.
#. ..
#..##.##
...# .
###..@#.##.#
# .
##.....*# .
## #
##.###.## .
# #.#.####.#
## # .#
####.# ##


You could see a wretched star.

Vanquished Creatures
  Edmund (D:5)
  A howler monkey (D:3)
  3 hounds
  2 iguanas (D:5)
  A worker ant (D:4)
  4 adders
  An ooze (D:1)
  4 worms (D:2)
  A dart slug (D:1)
  4 leopard geckos
  9 orcs
  4 bats
  4 giant cockroaches
  7 goblins
  5 hobgoblins
  4 jackals (D:1)
  2 quokkas
  A ball python (D:2)
  A ball python skeleton (D:5)
  3 frilled lizards (D:1)
  7 kobolds
  A leopard gecko skeleton (D:4)
  A quokka skeleton (D:4)
  2 rats (D:2)
73 creatures vanquished.

Notes
Turn   | Place    | Note
-------+----------+-------------------------------------------
     0 | D:1      | Morbidden the Demonspawn Fighter began the quest for the
                  | Orb.
     0 | D:1      | Reached XP level 1. HP: 18/18 MP: 1/1
   247 | D:1      | Gained mutation: You have large cloven feet. [demonic
                  | ancestry]
   247 | D:1      | Reached XP level 2. HP: 19/24 MP: 2/2
   646 | D:1      | Gained mutation: You are immune to rotting. [demonic
                  | ancestry]
   646 | D:1      | Reached XP level 3. HP: 26/29 MP: 3/3
  1443 | D:2      | Reached skill level 1 in Dodging
  1526 | D:2      | Gained mutation: You have an unusually large brain. (Int
                  | +2) [demonic ancestry]
  1526 | D:2      | Reached XP level 4. HP: 31/37 MP: 4/4
  1666 | D:2      | Found an opulent altar of Gozag.
  1720 | D:2      | Noticed a sky beast
  1803 | D:2      | HP: 1/37 [sky beast (6)]
  2642 | D:3      | Reached skill level 4 in Fighting
  2656 | D:3      | Found a glowing golden altar of the Shining One.
  2792 | D:3      | Reached XP level 5. HP: 39/42 MP: 5/5
  3290 | D:4      | Found Ofot's Weapon Emporium.
  3353 | D:4      | Found an iron altar of Okawaru.
  3757 | D:5      | Entered Level 5 of the Dungeon
  3782 | D:5      | Noticed Dowan
  3783 | D:5      | Noticed Duvessa
  3935 | D:5      | Noticed Edmund
  3971 | D:5      | Killed Edmund
  3972 | D:5      | Reached XP level 6. HP: 12/49 MP: 6/6
  4415 | D:5      | Reached skill level 1 in Short Blades
  4541 | D:5      | Cast into level 1 of the Abyss (orc)
  4584 | Abyss:1  | Noticed a neqoxec
  4591 | Abyss:1  | Found a corrupted altar of Lugonu.
  4594 | Abyss:1  | Noticed a large abomination
  4598 | Abyss:1  | Noticed a large abomination
  4613 | Abyss:1  | Noticed a wretched star
  4649 | Abyss:1  | Killed from afar by a wretched star

Illustrated notes

Levels and vault maps discovered:
D:1:      dpeg_arrival_long_road, layout_rooms
D:2:      layout_basic, nicolae_gozag_seed_capital,
          nicolae_overflow_hidden_temple
D:3:      layout_basic, tso_metal_star, serial_bayou_ford_a
D:4:      layout_basic, nicolae_overflow_crystal_walls, serial_shops, shop
D:5:      layout_loops_cross, abandoned_shop, uniq_duvessa, uniq_edmund
Abyss:1:  base:
D:2

Skill      XL: |  1  2  3  4  5  6 |
---------------+-------------------+-----
Long Blades    | 2 |  2.5
Shields        | 3 |  3.5
Armour         | 3 |  3.6
Dodging        | 1 2 |  2.8
Fighting       | 4 |  4.8
Short Blades   | 1 |  1.0
Throwing       | |  0.3
Stealth        | |  0.8

Action                   |  1- 3 |  4- 6 || total
-------------------------+-------+-------++-------
Melee: Long sword        |   143 |    37 ||   180
       Kick              |    20 |    42 ||    62
       Dagger            |       |   143 ||   143
Throw: Dart              |       |     9 ||     9
Evoke: Wand              |       |     1 ||     1
  Use: Scroll            |     4 |     8 ||    12
       Potion            |     1 |     2 ||     3
Armor: Scale mail        |   101 |    56 ||   157
       Chain mail        |       |    21 ||    21
Dodge: Dodged            |    69 |    40 ||   109
Block: Kite shield       |   100 |    81 ||   181
       Rpst.: Long sword |    19 |     2 ||    21

Table legend: (Time is in decaauts)
 A = Elapsed time spent in this place.
 B = Non-inter-level travel time spent in this place.
 C = Inter-level travel time spent in this place.
 D = Time resting spent in this place.
 E = Time spent auto-exploring this place.
 F = Levels seen in this place.
 G = Mean time per level.
                   A        B        C        D        E       F      G
               +--------+--------+--------+--------+--------+-----+--------+
         Total |   4712 |   4615 |     97 |    826 |   2822 |   6 |  785.3 |
       Dungeon |   4604 |   4507 |     97 |    826 |   2791 |   5 |  920.8 |
         Abyss |    107 |    107 |      0 |      0 |     31 |   1 |  107.0 |
               +--------+--------+--------+--------+--------+-----+--------+

Top non-repeatable levels by time:
     D:2: 1415 daAuts
     D:1: 1081 daAuts
     D:3: 793 daAuts
     D:4: 674 daAuts
     D:5: 638 daAuts
 Abyss:1: 107 daAuts
